 Dungeon Crawl Stone Soup version 0.29.0-4-gdea44cf6ec (webtiles) character file.

Game seed: 16765347734339991533

298 qw the Chopper (level 6, 0/38 HPs)
             Began as a Gargoyle Fighter on Sept 9, 2022.
             Was an Initiate of Okawaru.
             Slain by Joseph
             ... wielding a +0 quarterstaff
              (6 damage)
             ... on level 7 of the Dungeon.
             The game lasted 00:01:25 (3497 turns).

qw the Chopper (Gargoyle Fighter)                   Turns: 3497, Time: 00:01:25

Health: 0/38       AC: 18    Str: 26    XL:     6   Next: 36%
Magic:  6/6        EV:  7    Int: 15    God:    Okawaru [......]
Gold:   240        SH: 10    Dex:  9    Spells: 5/5 levels left

rFire   . . .      SeeInvis .   Y - +0 war axe
rCold   . . .      Faith    .   q - +1 buckler of the Mangosteen {rCorr Str+4 Int+7 Stlth-}
rNeg    + . .      Spirit   .   k - +0 plate armour
rPois   inf        Reflect  +   (no helmet)
rElec   +          Harm     .   b - scarf {repulsion}
rCorr   +          Rampage  .   o - +0 pair of gloves
Will    .....      Rnd*Tele +   (no boots)
Stlth   ..........              a - amulet of reflection
HPRegen 0.12/turn               (no ring)
MPRegen 0.10/turn               (no ring)

@: about to teleport, repel missiles
A: sickness immunity, AC +4, negative energy resistance 1, electricity
resistance, torment resistance 1, petrification resistance, shaggy fur 1,
teleportitis 1, sturdy frame 1
a: Renounce Religion


You were on level 7 of the Dungeon.
You worshipped Okawaru.
Okawaru was noncommittal.
You visited 2 branches of the dungeon, and saw 6 of its levels.

You collected 240 gold pieces.


Innate Abilities, Weirdness & Mutations

You are immune to sickness and miasma.
Your stone body is resilient. (AC +4)
You are immune to poison.
You resist negative energy. (rN+)
You are resistant to electric shocks. (rElec)
You are resistant to unholy torment.
You are immune to petrification.
You are covered in fur. (AC +1)
You are occasionally teleported next to monsters.
Your movements are slightly less encumbered by armour. (ER -2)


   Skills:
 - Level 4.2 Fighting
 + Level 5.3 Axes
 - Level 1.0 Throwing
 - Level 3.2 Armour
 - Level 3.2 Shields


You had 5 spell levels left.
You didn't know any spells.
Your spell library was empty.

Inventory:

Hand Weapons
 m - a +0 mace
 Y - a +0 war axe (weapon)
Missiles
 j - 4 javelins
 n - 2 silver javelins (quivered)
Armour
 b - a scarf of repulsion (worn)
 k - a +0 plate armour (worn)
 o - a +0 pair of gloves (worn)
 q - the +1 buckler of the Mangosteen (worn) {rCorr Str+4 Int+7 Stlth-}
   (You found it on level 3 of the Dungeon)

   Str:       It affects your strength (+4).
   Int:       It affects your intelligence (+7).
   rCorr:     It protects you from acid and corrosion.
   Stlth:     It makes you less stealthy.
Jewellery
 a - an amulet of reflection (around neck)
 c - a ring of see invisible
Scrolls
 i - 2 scrolls of identify
Potions
 d - a potion of might
 g - a potion of curing
 h - 3 potions of attraction

Dungeon Overview and Level Annotations

Branches:
Dungeon (4/15)             Temple (1/1) D:4

Altars:
Cheibriados
Hepliaklqana
Makhleb
Okawaru
Sif Muna
Yredelemnul

Annotations:
D:7 Joseph


Message History

3481 ||| Stepping ~*~*~tactically~*~*~ (hiding).
You start resting.
Joseph is nearby!
You hit Joseph.
Joseph is lightly wounded.
Joseph unwields a +0 sling.
Joseph wields a +0 quarterstaff.
Joseph hits you with a +0 quarterstaff. Joseph hits you with a +0 quarterstaff!
You barely miss Joseph.
Joseph is lightly wounded.
You block Joseph's attack.
You slash Joseph!
Joseph is moderately wounded.
You block Joseph's attack.
You closely miss Joseph.
Joseph is moderately wounded.
Joseph closely misses you.
You closely miss Joseph.
Joseph is moderately wounded.
You block Joseph's attack. x2
You completely miss Joseph.
Joseph is moderately wounded.
You block Joseph's attack.
You barely miss Joseph.
Joseph is moderately wounded.
You block Joseph's attack.
You slash Joseph!
Joseph is heavily wounded.
Joseph barely misses you.
You closely miss Joseph.
Joseph is heavily wounded.
You block Joseph's attack. Joseph hits you but does no damage.
You hit Joseph.
Joseph is heavily wounded.
Joseph hits you with a +0 quarterstaff!
3497 ||| READING scroll of teleportation.
As you read the scroll of teleportation, it crumbles to dust.
You feel strangely unstable.
Joseph says, "You will never get the ORB, sorry."
Joseph hits you with a +0 quarterstaff.
You die...

##.#~~ ~~ ... ...~~#
~~# ... ...~~ ~~# ..#
#.#~~#+#~~# #.#
#.#.~~~~~~~ #.#
#.#.#~~~~~~ # #.#
#.#.#...# @.. #.#
####.#.#.###
#..#@###....#.#.#
#..@..........#'#####
#.##.###.####........
.. #.. #.............
## ### ######........
#.#.##### #.#.# #.#.#
#.#.#


You could see Joseph.

Vanquished Creatures
  A necrophage (D:4)
  An electric eel (D:7)
  Ijyb (D:4)
  5 gnolls (D:3)
  5 adders
  A white imp (D:7)
  A dart slug (D:2)
  2 worms (D:3)
  An orc (D:4)
  9 endoplasms
  3 giant cockroaches
  3 goblins
  7 hobgoblins
  A jackal (D:1)
  2 quokkas
  4 ball pythons
  10 bats
  2 frilled lizards (D:1)
  5 kobolds
  4 rats
68 creatures vanquished.

Vanquished Creatures (others)
  A hound (D:4)
  A goblin (D:4)
2 creatures vanquished.

Grand Total: 70 creatures vanquished

Notes
Turn   | Place    | Note
-------+----------+-------------------------------------------
     0 | D:1      | qw the Gargoyle Fighter began the quest for the Orb.
     0 | D:1      | Reached XP level 1. HP: 14/14 MP: 1/1
     0 | D:1      | 0 ||| qw: Version: 0.1-a-113-g051387a
     0 | D:1      | 0 ||| qw: Game counter: 7224
     0 | D:1      | 0 ||| qw: Always use a shield: true
     0 | D:1      | 0 ||| qw: God list: Okawaru
     0 | D:1      | 0 ||| qw: Allow faded altars: false
     0 | D:1      | 0 ||| qw: Do Orc after D:15 true
     0 | D:1      | 0 ||| qw: Do second Lair branch before Depths: true
     0 | D:1      | 0 ||| qw: Lair rune preference: random
     0 | D:1      | 0 ||| qw: Plans: Normal, Zot, God:TSO, Crypt, Tomb, Zig,
                  | Orb
     0 | D:1      | 0 ||| PLANNING D:1-11
    38 | D:1      | Found a faded altar of an unknown god.
   205 | D:1      | Reached skill level 2 in Axes
   364 | D:1      | 364 ||| Stepping ~*~*~tactically~*~*~ (stealth).
   370 | D:1      | Reached XP level 2. HP: 19/19 MP: 2/2
   740 | D:1      | 740 ||| READING scroll labelled POILLOA LEJOBIVEC.
   741 | D:1      | 741 ||| READING scroll labelled HIK PAPTYUP.
   742 | D:1      | 742 ||| READING scroll labelled LIXATOW JOWI.
   743 | D:1      | 743 ||| READING scroll labelled GEVVUCLETEE.
   744 | D:1      | 744 ||| READING scroll labelled WOENTOQYIT.
   745 | D:1      | 745 ||| DRINKING 3 bubbling puce potions.
   781 | D:2      | 781 ||| Stepping ~*~*~tactically~*~*~ (stealth).
   782 | D:2      | 782 ||| Stepping ~*~*~tactically~*~*~ (stealth).
   783 | D:2      | 783 ||| Stepping ~*~*~tactically~*~*~ (stealth).
   784 | D:2      | 784 ||| STAIRDANCE
   982 | D:2      | Reached skill level 3 in Axes
   982 | D:2      | Reached XP level 3. HP: 15/23 MP: 3/3
  1472 | D:2      | 1472 ||| DROPPING +0 club.
  1926 | D:2      | 1926 ||| UPGRADING to +0 plate armour.
  1936 | D:2      | 1936 ||| DROPPING +0 scale mail.
  1937 | D:2      | 1937 ||| UPGRADING to amulet of reflection.
  1942 | D:2      | 1942 ||| READING 2 scrolls labelled QYIRO PI MEL.
  1943 | D:2      | 1943 ||| READING scroll labelled LEONIOMEIM.
  1944 | D:2      | 1944 ||| READING scroll labelled WASTRI LEOPY.
  1949 | D:2      | 1949 ||| DRINKING 2 bubbling red potions.
  1950 | D:2      | 1950 ||| DROPPING scroll of immolation.
  2006 | D:3      | Reached XP level 4. HP: 24/28 MP: 4/4
  2010 | D:3      | Reached skill level 4 in Axes
  2156 | D:3      | Identified the +2 leather armour "Onaymajo" {Harm rF+ rN+
                  | Str-4}
  2389 | D:3      | 2389 ||| Stepping ~*~*~tactically~*~*~ (stealth).
  2404 | D:3      | Reached XP level 5. HP: 32/32 MP: 5/5
  2696 | D:3      | Found a basalt altar of Yredelemnul.
  2886 | D:3      | Reached skill level 1 in Throwing
  3000 | D:3      | Identified the +1 buckler of the Mangosteen {rCorr Str+4
                  | Int+7 Stlth-}
  3008 | D:3      | 3008 ||| UPGRADING to +0 pair of gloves.
  3013 | D:3      | 3013 ||| UPGRADING to +1 buckler of the Mangosteen {rCorr
                  | Str+4 Int+7 Stlth-}.
  3023 | D:3      | 3023 ||| DROPPING +0 buckler.
  3031 | D:3      | 3031 ||| READING scroll labelled NETOYTHRYTA.
  3032 | D:3      | 3032 ||| READING scroll labelled OCREARO VINOTHOS.
  3033 | D:3      | 3033 ||| DRINKING 2 dark potions.
  3033 | D:3      | Gained mutation: You are occasionally teleported next to
                  | monsters. [potion of mutation]
  3033 | D:3      | Gained mutation: You are agile. (Dex +4, Str/Int -1)
                  | [potion of mutation]
  3033 | D:3      | Gained mutation: You are often teleported next to monsters.
                  | [potion of mutation]
  3034 | D:3      | 3034 ||| DRINKING potion of mutation.
  3034 | D:3      | Lost mutation: You are agile. (Dex +4, Str/Int -1) [potion
                  | of mutation]
  3034 | D:3      | Lost mutation: You are often teleported next to monsters.
                  | [potion of mutation]
  3034 | D:3      | Gained mutation: You are covered in fur. (AC +1) [potion of
                  | mutation]
  3034 | D:3      | Gained mutation: Your movements are slightly less
                  | encumbered by armour. (ER -2) [potion of mutation]
  3037 | D:3      | 3037 ||| READING 3 scrolls of identify.
  3037 | D:3      | 3037 ||| IDENTIFYING silvery potion
  3038 | D:3      | 3038 ||| DROPPING potion of ambrosia.
  3120 | D:4      | Noticed Ijyb
  3132 | D:4      | Killed Ijyb
  3133 | D:4      | Reached skill level 5 in Axes
  3147 | D:4      | Found a staircase to the Ecumenical Temple.
  3149 | D:4      | 3149 ||| PLANNING TEMPLE
  3149 | D:4      | 3149 ||| UPGRADING to scarf of repulsion.
  3166 | D:4      | Reached XP level 6. HP: 37/38 MP: 6/6
  3177 | Temple   | Entered the Ecumenical Temple
  3213 | Temple   | Became a worshipper of Warmaster Okawaru
  3233 | Temple   | 3233 ||| PLANNING D:1-11
  3344 | D:4      | You fall into a shaft and drop 3 floors!
  3480 | D:7      | Noticed Joseph
  3481 | D:7      | 3481 ||| Stepping ~*~*~tactically~*~*~ (hiding).
  3496 | D:7      | HP: 5/38 [Joseph/+0 quarterstaff (11)]
  3497 | D:7      | 3497 ||| READING scroll of teleportation.
  3497 | D:7      | Slain by Joseph

Levels and vault maps discovered:
D:1:      dpeg_arrival_solitude, layout_loops_ring,
          shapermc_ecumenical_altar_flowoftime, minmay_misc_feat_hallway,
          nrook_mini_backslash, minmay_distorted
D:2:      layout_basic, dreamdust_princess_bridge, minmay_split_cup_large
D:3:      layout_loops_ring, general_overflow_altar, roderic_batcave,
          kennysheep_generic_room_4
D:4:      layout_basic, zin_treasury, fiery_altar_vehumet,
          minmay_temple_entry_mini_moons, kennysheep_small_circle, uniq_ijyb,
          uniq_grinder
D:7:      layout_basic, kennysheep_mini, kennysheep_little_box, serial_shops,
          shop, water_boxes_lemuel, uniq_joseph
Temple:   nicolae_temple_two_arcs

Skill      XL: |  1  2  3  4  5 |
---------------+----------------+-----
Axes           | 2 3 4 5 |  5.3
Throwing       | 1 |  1.0
Fighting       | 4 |  4.2
Armour         | |  3.2
Shields        | |  3.2

Action                   |  1- 3 |  4- 6 || total
-------------------------+-------+-------++-------
Melee: War axe           |   100 |   112 ||   212
Throw: Javelin           |       |    19 ||    19
  Use: Scroll            |     8 |     4 ||    12
       Potion            |     2 |     2 ||     4
Armor: Scale mail        |    46 |       ||    46
       Plate armour      |     1 |    55 ||    56
Dodge: Dodged            |    38 |    26 ||    64
       Repelled          |       |     1 ||     1
Block: Buckler           |    22 |    67 ||    89

Table legend:
 A = Non-vault XP
 B = Vault XP
 C = Vault XP percentage of total XP
 D = Non-vault monster count
 E = Vault monster count
 F = Vault count percentage of total count
                 A         B        C        D         E       F
            +---------+---------+-------+---------+---------+-------
      Total |     354 |      73 |  17.1 |      53 |      15 |  22.1
            +---------+---------+-------+---------+---------+-------
        D:1 |      17 |       4 |  19.0 |      11 |       3 |  21.4
        D:2 |      51 |       7 |  12.1 |      15 |       4 |  21.1
        D:3 |     112 |      24 |  17.6 |      18 |       7 |  28.0
        D:4 |     108 |      38 |  26.0 |       7 |       1 |  12.5
        D:7 |      66 |       0 |   0.0 |       2 |       0 |   0.0
            +---------+---------+-------+---------+---------+-------
